[Event "Early-Titled-Tuesday-Blitz-June-18-2024"]
[Site "Chess.com"]
[Date "2024.06.18"]
[Round "4"]
[White "DanyKopy"]
[Black "DuleMudule"]
[Result "1/2-1/2"]
[WhiteElo "2566"]
[BlackElo "2764"]
[TimeControl "180+1"]
[EndTime "8:43:17 PDT"]
[Termination "Game drawn by stalemate"]

1. Nf3 d5 2. g3 Nc6 3. d4 Bf5 4. Bg2 Nb4 5. Na3 c6 6. O-O h6 7.
c3 Na6 8. c4 e6 9. Qb3 Nb4 10.
Bd2 a5 11. Bxb4 axb4 12. Nc2 dxc4 13. Qxc4 Qd5 14. Ne3 Qxc4 15. Nxc4 Nf6 16. a3 bxa3 17.
bxa3 Be7 18. a4 O-O 19. Nfe5 Rfd8 20. e3 Ne8 21. Rfc1 f6 22. Nf3 Nd6 23. Nfd2 Nxc4 24. Nxc4 Kf7 25. a5 Ra7 26. a6 Rxa6 27. Rxa6 bxa6 28.
Na5 Rb8 29. Nxc6 Rb1 30. Rxb1 Bxb1 31. Bf1 Be4 32. Nxe7 Kxe7 33. Bxa6 e5 34. Bc4 exd4 35. exd4 Kd6 36. Kf1 g5 37. Ke2 Bc6 38. Ke3 Bb7 39.
Bd3 Bd5 40. Be4 Bc4 41. Kf3 Be6 42. Ke3 Bd7 43. Bf3 Bf5 44. Be2 Be6 45. Bd3 Bd5 46. f4 Bc6 47. Be4 Bd7 48. Kf3 Bc8 49. h4 gxh4 50.
gxh4 Bd7 51. Kg3 Bc8 52. Kf3 Bd7 53. Ke3 Be6 54. Bc2 Bd5 55. Bg6 Be6 56. Bb1 Bd5 57.
Kf2 Be6 58. Kg3 Bd7 59. Ba2 Bf5 60. Bf7 Bd7 61. Kf3 Bf5 62. Ke3 Ke7 63. Bd5 Kd6 64.
Be4 Bd7 65. Bg6 Bc6 66. Bf7 Bb7 67. Kf2 Be4 68. Kg3 Bf5 69. Bb3 Be4 70. Kg4 Bg6 71. Bg8 Ke7 72. f5 Be8 73. Bh7 Kf8 74. Bg6 Bc6 75. Kf4 Ke7 76. Kg4 Kf8 77. Bh7 Be8 78.
Kf4 Ke7 79. Ke4 Bc6+ 80. d5 Bb7 81. Bg8 Kd6 82. Kf4 h5 83. Bf7 Bxd5 84. Bxh5 Ke7 85. Bg6 Kf8 86. Ke3 Kg7 87. Kd4 Bf3 88. Kc5 Bg4 89. Kd6 Bh3 90. Ke7 Bg4 91. h5 Bxf5 92. Bxf5 Kh8 93. Kxf6 Kg8 94. h6 Kh8 95. h7 1/2-1/2

[Event "Early-Titled-Tuesday-Blitz-June-18-2024"]
[Site "Chess.com"]
[Date "2024.06.18"]
[Round "4"]
[White "Mikayel99"]
[Black "KhBegmuratov"]
[Result "0-1"]
[WhiteElo "2619"]
[BlackElo "2927"]
[TimeControl "180+1"]
[EndTime "8:43:21 PDT"]
[Termination "KhBegmuratov won on time"]

1. e4 c5 2. d4 cxd4 3. Nf3 Nc6 4.
Nxd4 e6 5. Nc3 Qc7 6. g3 a6 7. Bg2 Bc5 8. Nb3 Ba7 9. O-O Nf6 10. Bf4 Ne5 11. Nd4 d6 12. a4 O-O 13. Nce2 Bd7 14.
c3 b5 15. axb5 axb5 16. Qb3 Nc4 17. Rfd1 e5 18. Bg5 exd4 19. Bxf6 gxf6 20. cxd4 f5 21. e5 Rae8 22. exd6 Nxd6 23. Rdc1 Nc4 24. Nc3 Bxd4 25. Nxb5 Bxf2+ 26. Kh1 Qb6 27. Qxc4 Bxb5 28. Qh4 Be3 29. Rc3 Qg6 30. Qb4 Be2 31. Rc6 Qg4 32.
Qxg4+ fxg4 33. Rf6 Bd4 34. Rf4 Bxb2 35. Re1 Bc3 36.
Rb1 Bd3 37. Rd1 Be2 38. Rb1 Be5 39. Rfb4 Rb8 40. Rxb8 Rxb8 41. Re1 Bc3 42. Rxe2 Rb1+ 43.
Bf1 Rxf1+ 44. Kg2 Re1 45. Rc2 Re3 46. Ra2 Kg7 47. Ra4 h5 48. h3 Re2+ 49. Kf1 Re1+ 50. Kf2 gxh3 51. Rh4 Re5 52. Rxh3 Bd4+ 53. Kf3 Rg5 54.
Rh1 f5 55. Rb1 Kg6 56. Rb6+ Bf6 57. Kf4 Rg4+ 58. Kf3 Re4 59. Ra6 Kg5 60. Ra8 Bd4 61.
Rg8+ Kf6 62. Rf8+ Ke6 63. Re8+ Kd5 64. Rd8+ Kc4 65. Rc8+ Kd3 66. Ra8 Kc4 67. Ra4+ Kd5 68. Ra5+ Bc5 69. Ra8 Re7 70. Rh8 Ra7 71. Rxh5 Ke6 72.
g4 Ra3+ 73. Kg2 Ra2+ 74. Kf1 Ra1+ 75. Ke2 Ra2+ 76. Kf1 Ra4 77. gxf5+ Kf6 78. Rh6+ Kg5 79. Rc6 Bd4 80. Rd6 Kxf5 81. Rd5+ Ke4 82. Rd8 Be3 83.
Re8+ Kf3 84. Rf8+ Bf4 85. Re8 Ra2 86. Re7 Rh2 87. Rg7 Rh5 88. Ke1 Re5+ 89. Kd1 Rc5 0-1

[Event "Early-Titled-Tuesday-Blitz-June-18-2024"]
[Site "Chess.com"]
[Date "2024.06.18"]
[Round "4"]
[White "N_Mullodzhanov"]
[Black "AlphaPerseii"]
[Result "1/2-1/2"]
[WhiteElo "2556"]
[BlackElo "2398"]
[TimeControl "180+1"]
[EndTime "8:43:22 PDT"]
[Termination "Game drawn by stalemate"]

1. e4 c6 2. Nf3 d5 3. Nc3 dxe4 4. Nxe4 Nf6 5. Nxf6+ exf6 6. d4 Be6 7. c3 Bd6 8. Bd3 Qc7 9. O-O O-O 10. Qc2 h6 11. Re1 Nd7 12. Be3 a5 13. a3 Rfe8 14. Bh7+ Kh8 15. Bf5 Nb6 16. Rad1 a4 17. Bxe6 Rxe6 18.
c4 Bf4 19. Bxf4 Qxf4 20. Rxe6 fxe6 21. Re1 Re8 22. c5 Nd7 23. Re4 Qf5 24. Nh4 Qh5 25.
g3 e5 26. Qxa4 f5 27. Re1 exd4 28. Rxe8+ Qxe8 29. Qxd4 Qe1+ 30. Kg2 Qe4+ 31. Qxe4 fxe4 32. b4 Ne5 33. Nf5 Nc4 34. Nd6 Nxa3 35. Nxb7 Kg8 36.
Nd6 Kf8 37. Kf1 Ke7 38. Nxe4 Nc2 39. Ke2 Nxb4 40. Ke3 Nd5+ 41. Kd4 Ke6 42. f4 Ne7 43. g4 h5 44. Ng5+ Kd7 45. h3 hxg4 46. hxg4 Nd5 47.
Nh3 g6 48. Ke5 Ke7 49. Ng5 Nb4 50. Ne4 Nd3+ 51. Kd4 Nxf4 52. Ke3 Ne6 53. Kf3 Nd4+ 54. Ke3 Ne6 55. Kd3 Nf4+ 56. Kc4 Ne6 57. Nd2 Nc7 58. Nf3 Ke6 59. Kd4 Nb5+ 60. Ke4 Kf6 61. Ne5 Na7 62. Nc4 Nc8 63. Na5 Ne7 64. Nc4 Kg5 65.
Ne5 Kf6 66. Nf3 Ke6 67. Nd4+ Kf6 68. Kf4 Nd5+ 69. Kf3 Ne7 70. Ke4 Kg5 71. Kf3 Kf6 72. Nc2 Ke5 73. Ke3 Kd5 74. Kf4 Kxc5 75. Ke5 Kc4 76.
Kf6 Kd3 77. Nb4+ Kc4 78. Na6 Nd5+ 79. Kxg6 Kb5 80. Nb8 c5 81. Kf7 c4 82. g5 Nf4 83.
Nd7 c3 84. Ne5 c2 85. g6 c1=Q 86. g7 Qc7+ 87. Nd7 Qxd7+ 88. Kf6 Qe6+ 89. Kg5 Qg8 90. Kh4 Qxg7 1/2-1/2

[Event "Early-Titled-Tuesday-Blitz-June-18-2024"]
[Site "Chess.com"]
[Date "2024.06.18"]
[Round "4"]
[White "tetrix83"]
[Black "Attacker_2006"]
[Result "1/2-1/2"]
[WhiteElo "2680"]
[BlackElo "2478"]
[TimeControl "180+1"]
[EndTime "8:43:36 PDT"]
[Termination "Game drawn by repetition"]

1. e4 c5 2. Nf3 e6 3. g3 Nc6 4.
Bg2 Nf6 5. d3 e5 6. O-O Be7 7. c3 O-O 8. Re1 d6 9. a3 Bg4 10. h3 Bh5 11. b4 b5 12. Nbd2 a5 13. Rb1 axb4 14. axb4 cxb4 15. cxb4 Bg6 16. Nf1 d5 17.
Nh4 dxe4 18. Nxg6 hxg6 19. Bxe4 Nxe4 20. Rxe4 Qd5 21. Ne3 Qe6 22. Nc2 Qxh3 23. Qf3 Qf5 24. Qe2 Rfd8 25. Bb2 Bf6 26. Ne3 Qd7 27. Ng4 Qxd3 28.
Qxd3 Rxd3 29. Nxe5 Nxe5 30. Bxe5 Rad8 31. Kg2 Rd2 32.
Bc7 Rc8 33. Bf4 Ra2 34. Be3 g5 35. Rd1 Rc4 36. Rxc4 bxc4 37. b5 Rb2 38. b6 c3 39.
Rd6 Kh7 40. Rc6 g4 41. Kf1 c2 42. Kg2 Kg6 43. Rc7 Kf5 44. Rc5+ Ke4 45. Rc7 Kd3 46. Rd7+ Ke2 47. Rc7 Kd3 48. Rd7+ Kc4 49. b7 Rb5 50. Bf4 Be5 51. Bxe5 c1=Q 52. Rc7+ Kd5 53. b8=Q Rxb8 54. Rxc1 Kxe5 55. Rc7 Kf6 56. Rc6+ Kg5 57. Rc5+ f5 58. Rc7 g6 59. Rc6 Rb2 60. Rd6 Rb3 61.
Rc6 Rf3 62. Rd6 Ra3 63. Rc6 Ra8 64. Rb6 Rf8 65. Rc6 Kh6 66. Rb6 Kg7 67. Rb7+ Rf7 68. Rb4 g5 69. Rb5 Kg6 70. Rb6+ Rf6 71. Rb8 f4 72.
gxf4 gxf4 73. Rb5 Rf5 74. Rb6+ Kg5 75. Rb8 Rf6 76. Rg8+ Kh4 77. Rh8+ Kg5 78. Rg8+ Kf5 79. Re8 Re6 80. Rf8+ Ke4 81. Rg8 Kf5 82. Rf8+ Rf6 83. Rg8 Rg6 84. Rf8+ Ke4 85. Re8+ Kd3 86. Rd8+ Ke4 87.
Re8+ Kd5 88. Rf8 Ke5 89. Re8+ Re6 90. Rg8 Kf5 91. Rf8+ 1/2-1/2

[Event "Early-Titled-Tuesday-Blitz-June-18-2024"]
[Site "Chess.com"]
[Date "2024.06.18"]
[Round "4"]
[White "Erdnya15"]
[Black "chessbaerchen"]
[Result "1/2-1/2"]
[WhiteElo "2512"]
[BlackElo "2687"]
[TimeControl "180+1"]
[EndTime "8:43:37 PDT"]
[Termination "Game drawn by stalemate"]

1. e4 e6 2. d4 d5 3. exd5 exd5 4. Nf3 Nf6 5. Bd3 c5 6. O-O c4 7.
Re1+ Be7 8. Bf1 O-O 9. b3 cxb3 10. axb3 Nc6 11. c3 h6 12. Bd3 Re8 13. Nbd2 Bd6 14.
Nf1 Bg4 15. Ne3 Bh5 16. b4 a6 17. h3 Qd7 18. Be2 Bg6 19. Qb3 Bf4 20. Nf1 Bc7 21. Ne3 Rad8 22. Bf1 Be4 23. Nd2 Bg6 24. g3 Ne4 25.
Bg2 Nf6 26. Bb2 Ne7 27. Kh2 Bf5 28. Nxf5 Nxf5 29. c4 dxc4 30. Qxc4 h5 31. Kg1 h4 32. g4 Nd6 33. Qd3 Nb5 34. Nf3 Nd5 35. Ne5 Bxe5 36.
dxe5 Nxb4 37. Qxd7 Rxd7 38. Rad1 Nd3 39. Re3 Red8 40.
Ba1 Nf4 41. Rde1 g5 42. Be4 Re7 43. Bf5 Rd5 44. e6 fxe6 45. Bxe6+ Nxe6 46. Rxe6 Rxe6 47. Rxe6 Rd1+ 48. Kg2 Rxa1 49. Rg6+ Kf7 50. Rxg5 Nd4 51.
Rd5 Ne6 52. Rd7+ Kf6 53. Rxb7 Nf4+ 54. Kh2 Ra3 55. Rb4 Rxh3+ 56. Kg1 Kg5 57. Ra4 Kxg4 58.
Rxa6 Rc3 59. Rh6 h3 60. Rf6 Rc1+ 61. Kh2 Rc2 62. Kg1 Kf3 63. Ra6 Rc1+ 64. Kh2 Kxf2 65.
Ra2+ Kf3 66. Ra3+ Kg4 67. Ra2 Rf1 68. Ra8 Rf2+ 69. Kg1 Rg2+ 70. Kh1 Kg3 71. Ra3+ Kf2 72. Ra2+ Kf3 73. Ra3+ Kg4 74. Ra8 Re2 75. Ra3 Re1+ 76. Kh2 Re2+ 77. Kh1 Nh5 78. Ra4+ Kf3 79. Ra3+ Re3 80.
Ra2 Ng3+ 81. Kh2 Kg4 82. Ra4+ Ne4 83. Ra2 Re1 84. Rb2 Ng5 85. Rb4+ Kh5 86. Rb5 Re2+ 87.
Kh1 Kh4 88. Rb8 Nf3 89. Rh8+ Kg3 90. Rxh3+ Kg4 91. Rh8 Re1+ 92. Kg2 Re2+ 93. Kf1 Rb2 94. Rg8+ Kf4 95. Rf8+ Ke3 96. Re8+ Kd3 97. Re3+ Kxe3 1/2-1/2

[Event "Early-Titled-Tuesday-Blitz-June-18-2024"]
[Site "Chess.com"]
[Date "2024.06.18"]
[Round "4"]
[White "ploxoi"]
[Black "LaPiToB"]
[Result "0-1"]
[WhiteElo "2488"]
[BlackElo "2331"]
[TimeControl "180+1"]
[EndTime "8:44:38 PDT"]
[Termination "LaPiToB won by resignation"]

1. d4 Nf6 2. c4 e6 3. g3 d5 4. Nf3 dxc4 5. Bg2 c5 6. O-O Nc6 7. Qa4 Bd7 8. Qxc4 b5 9. Qd3 c4 10. Qc2 Rc8 11. Rd1 Be7 12. a4 a6 13. Na3 Na5 14.
axb5 axb5 15. Ne5 Nb3 16. Ra2 O-O 17. Be3 Nd5 18. Bd2 Bb4 19. Bxd5 Bxd2 20. Bf3 Bg5 21. e3 Bf6 22. Ng4 Be7 23. Nb1 Bc6 24.
e4 Nxd4 25. Qc3 Nxf3+ 26. Qxf3 Qb6 27. Ne5 Bc5 28. Nc3 Rcd8 29. Raa1 Bb7 30. Nd7 Rxd7 31. Rxd7 Bc6 32. Rd2 f5 33. Qe2 fxe4 34. Nxe4 Bxe4 35. Qxe4 Bxf2+ 36. Kg2 Bc5 37. Re2 Rf6 38. Ra8+ Kf7 39. Qxh7 Qc6+ 40. Qe4 Rf2+ 41. Kh3 Qxe4 42. Rxe4 Rxb2 43.
Rb8 c3 44. Rc8 b4 45. Rxc5 c2 46. Rc7+ Kf6 47. Rf4+ Ke5 48. Rfc4 b3 49. R7c5+ Kd6 50. Rc6+ Ke7 51. Rc7+ Kf6 52. Kg4 Rb1 53. Rxc2 bxc2 54. Rxc2 Rh1 55. h4 Rf1 56. Re2 Rf5 57. Re3 g6 58. Re2 Kf7 59. Kh3 Kf6 60. g4 Rf4 61. Kg3 Ra4 62. Rf2+ Kg7 63. Kf3 e5 64. Re2 Rf4+ 65.
Kg3 Kf6 66. Rb2 Rc4 67. Rb6+ Kg7 68. Kf3 Rf4+ 69. Kg3 Rc4 70. Re6 Rc5 71. Kf3 Kf7 72. Ra6 Rc4 73. Ra5 Rf4+ 74. Kg3 Re4 75. g5 Ke6 76.
Ra6+ Kf7 77. Rf6+ Kg7 78. Re6 Re1 79. Re7+ Kf8 80. Ra7 e4 81. Kf4 e3 82. Kf3 e2 83.
Kf2 Rh1 84. Kxe2 Rxh4 85. Kf3 Rh5 86. Kg4 Rh1 87. Ra6 Rg1+ 88. Kh4 Kg7 89. Ra7+ Kg8 90. Rb7 Rh1+ 91. Kg4 Rg1+ 92. Kf4 Rf1+ 93. Ke5 Rf7 94. Rb8+ Kg7 95. Ke6 Rf3 96. Rb7+ Kg8 97. Ke7 Rf5 98. Rb8+ Kg7 99. Ke6 Rxg5 100. Rb7+ Kh6 101. Kf6 Rf5+ 102. Ke6 Rf2 103. Rb8 g5 104. Rh8+ Kg6 105. Rg8+ Kh5 106. Ke5 Kg4 107. Ke4 Kh4 108. Ke3 Rf7 109. Re8 g4 110. Re4 Kh3 111. Ke2 g3 112. Re3 Kh2 113. Re6 Rf5 114. Rh6+ Kg1 115. Rg6 g2 116. Rh6 Rg5 117. Rh7 Re5+ 118. Kf3 Rf5+ 119. Ke2 Rf8 120. Rh6 Rf4 121. Rh8 Rf1 122. Rh6 Rf2+ 123. Ke1 Ra2 124. Rh8 Ra4 125. Rh7 Re4+ 126. Kd2 Kf2 127. Rf7+ Kg3 128. Rg7+ Rg4 0-1

[Event "Early-Titled-Tuesday-Blitz-June-18-2024"]
[Site "Chess.com"]
[Date "2024.06.18"]
[Round "5"]
[White "NM_Antelacus"]
[Black "Laico"]
[Result "1/2-1/2"]
[WhiteElo "2304"]
[BlackElo "2434"]
[TimeControl "180+1"]
[EndTime "8:51:45 PDT"]
[Termination "Game drawn by repetition"]

1. e4 e6 2. d4 d5 3. e5 c5 4. c3 Nc6 5. Nf3 Bd7 6. a3 Rc8 7. Bd3 Qb6 8. Bc2 Qa6 9. Bd3 Qb6 10. Bc2 Qa6 11. Bd3 Qb6 1/2-1/2

[Event "Early-Titled-Tuesday-Blitz-June-18-2024"]
[Site "Chess.com"]
[Date "2024.06.18"]
[Round "5"]
[White "Lupul_Cenusiu"]
[Black "ab-lsv"]
[Result "1-0"]
[WhiteElo "2732"]
[BlackElo "2353"]
[TimeControl "180+1"]
[EndTime "8:52:20 PDT"]
[Termination "Lupul_Cenusiu won by resignation"]

1. e4 c6 2. d4 d5 3. exd5 cxd5 4. Bd3 Nf6 5. c3 Bg4 6. Qb3 Qc7 7. Ne2 Bxe2 8. Bxe2 e6 9. Bf4 Qd7 10. Bxb8 Rxb8 11.
Bb5 1-0

[Event "Early-Titled-Tuesday-Blitz-June-18-2024"]
[Site "Chess.com"]
[Date "2024.06.18"]
[Round "5"]
[White "gilbert_gm"]
[Black "JanMur7"]
[Result "1-0"]
[WhiteElo "2856"]
[BlackElo "2251"]
[TimeControl "180+1"]
[EndTime "8:52:23 PDT"]
[Termination "gilbert_gm won by resignation"]

1. e4 g6 2. d4 Bg7 3. Nf3 c5 4. dxc5 Qa5+ 5. Bd2 Qxc5 6. Nc3 d6 7. Nd5 Nf6 8. b4 Qc6 9. Bb5 Nxd5 10. Bxc6+ bxc6 11. exd5 Bxa1 12. Qxa1 O-O 13. Bh6 1-0

[Event "Early-Titled-Tuesday-Blitz-June-18-2024"]
[Site "Chess.com"]
[Date "2024.06.18"]
[Round "5"]
[White "CheckBits"]
[Black "mfschulz"]
[Result "1-0"]
[WhiteElo "2406"]
[BlackElo "2237"]
[TimeControl "180+1"]
[EndTime "8:52:34 PDT"]
[Termination "CheckBits won by resignation"]

1. e4 c5 2. c3 d5 3. exd5 Qxd5 4. d4 cxd4 5. cxd4 Nc6 6. Nf3 e5 7. Nc3 Qa5 8. d5 Nb4 9. Bb5+ Kd8 10. Nxe5 Bf5 11.
Nxf7+ 1-0

[Event "Early-Titled-Tuesday-Blitz-June-18-2024"]
[Site "Chess.com"]
[Date "2024.06.18"]
[Round "5"]
[White "WiktoriaPOL"]
[Black "N_Mullodzhanov"]
[Result "0-1"]
[WhiteElo "2403"]
[BlackElo "2561"]
[TimeControl "180+1"]
[EndTime "8:53:11 PDT"]
[Termination "N_Mullodzhanov won by checkmate"]

1. c4 e5 2. Nc3 Nf6 3. Nf3 Nc6 4. e4 Bc5 5. Nxe5 Nxe5 6. d4 Bb4 7. dxe5 Nxe4 8. Qf3 Nxc3 9. bxc3 Be7 10. Qg3 g6 11.
Bh6 d6 12. O-O-O Bf5 13. exd6 Bxd6 14. Qf3 Ba3# 0-1

[Event "Early-Titled-Tuesday-Blitz-June-18-2024"]
[Site "Chess.com"]
[Date "2024.06.18"]
[Round "5"]
[White "Renatoforf"]
[Black "KanalSzachowy"]
[Result "0-1"]
[WhiteElo "2123"]
[BlackElo "2366"]
[TimeControl "180+1"]
[EndTime "8:53:39 PDT"]
[Termination "KanalSzachowy won by resignation"]

1. e4 a6 2. d4 e6 3. Nf3 h6 4.
c4 b5 5. cxb5 g6 6. bxa6 Bxa6 7.
Bxa6 Nxa6 8. O-O Bg7 9. Nc3 Ne7 10. Be3 O-O 11. Qd2 Kh7 12. Rfc1 d6 13. a3 c5 14. dxc5 Nxc5 15. Bxc5 dxc5 16. Qxd8 Rfxd8 17. Rd1 Rdb8 18. Rd2 Rxb2 19. Rxb2 Bxc3 20. Rbb1 Bxa1 21. Rxa1 Nc6 22. Rc1 Rxa3 23. h3 Ra5 24. Kf1 Nb4 25.
Rc4 Nd3 26. Ke2 Nf4+ 27. Ke3 Nxg2+ 0-1

[Event "Early-Titled-Tuesday-Blitz-June-18-2024"]
[Site "Chess.com"]
[Date "2024.06.18"]
[Round "5"]
[White "anemih"]
[Black "crazy_but_lazy"]
[Result "0-1"]
[WhiteElo "2478"]
[BlackElo "2666"]
[TimeControl "180+1"]
[EndTime "8:53:44 PDT"]
[Termination "crazy_but_lazy won by checkmate"]

1. e4 g6 2. d4 Bg7 3. c4 d6 4. Nc3 Nc6 5. Be3 e5 6. d5 Nd4 7.
Nge2 c5 8. f4 exf4 9. Bxf4 Ne7 10. Nxd4 cxd4 11. Nb5 O-O 12. Nxd4 Qa5+ 13. Bd2 Qb6 14.
Bc3 f5 15. exf5 Nxf5 16. Nxf5 Rxf5 17. Bd3 Qf2# 0-1

[Event "Early-Titled-Tuesday-Blitz-June-18-2024"]
[Site "Chess.com"]
[Date "2024.06.18"]
[Round "5"]
[White "Sic_Transit_GM"]
[Black "bangchess21"]
[Result "0-1"]
[WhiteElo "2584"]
[BlackElo "2772"]
[TimeControl "180+1"]
[EndTime "8:54:08 PDT"]
[Termination "bangchess21 won by resignation"]

1. Nf3 Nf6 2. c4 g6 3. b4 Bg7 4. Bb2 O-O 5. g3 c6 6. Bg2 a5 7. a3 axb4 8. axb4 Rxa1 9. Bxa1 d5 10. cxd5 Nxd5 11. Bxg7 Kxg7 12. b5 cxb5 13. Qb3 Nc7 14. O-O Nc6 15. Nc3 b4 16. Na2 Qd6 17. Rb1 Na6 18. d3 Be6 19. Qb2+ f6 20. Nd2 Nd4 21. Kf1 Rc8 22. Bxb7 Rc2 23. Qa1 Rxa2 0-1

[Event "Early-Titled-Tuesday-Blitz-June-18-2024"]
[Site "Chess.com"]
[Date "2024.06.18"]
[Round "5"]
[White "manitodeplomo"]
[Black "BardArtem"]
[Result "0-1"]
[WhiteElo "2647"]
[BlackElo "2838"]
[TimeControl "180+1"]
[EndTime "8:54:16 PDT"]
[Termination "BardArtem won by resignation"]

1. d4 d5 2. c4 e6 3. Nf3 Nf6 4.
Nc3 c5 5. Bg5 cxd4 6. Qxd4 Nc6 7. Bxf6 gxf6 8. Qh4 Bb4 9. e3 Qa5 10. Qxf6 Rg8 11. Bd3 d4 12. Bxh7 Bxc3+ 13. bxc3 Qxc3+ 14. Ke2 d3+ 0-1

[Event "Early-Titled-Tuesday-Blitz-June-18-2024"]
[Site "Chess.com"]
[Date "2024.06.18"]
[Round "5"]
[White "ketster"]
[Black "DinaBelenkaya"]
[Result "1-0"]
[WhiteElo "2570"]
[BlackElo "2332"]
[TimeControl "180+1"]
[EndTime "8:54:22 PDT"]
[Termination "ketster won by resignation"]

1. d4 d5 2. c4 dxc4 3. Nf3 Nf6 4. e3 e6 5. Bxc4 a6 6. O-O c5 7. b3 Be7 8. Bb2 O-O 9. Qe2 b5 10. Bd3 Bb7 11. Rd1 Nbd7 12. Nc3 cxd4 13. Nxd4 Qb8 14.
Rac1 Nc5 15. Bb1 b4 16. Na4 Nxa4 17. bxa4 Rc8 18. e4 Qe5 19. Nf5 Qxb2 20. Nxe7+ Kf8 21.
Qxb2 Kxe7 22. Qxb4+ 1-0

[Event "Early-Titled-Tuesday-Blitz-June-18-2024"]
[Site "Chess.com"]
[Date "2024.06.18"]
[Round "5"]
[White "Lion-Al-Messi"]
[Black "CFalcons8"]
[Result "1-0"]
[WhiteElo "2632"]
[BlackElo "2451"]
[TimeControl "180+1"]
[EndTime "8:54:26 PDT"]
[Termination "Lion-Al-Messi won by resignation"]

1. e4 c5 2. Nf3 d6 3. d4 cxd4 4. Nxd4 Nf6 5. Nc3 a6 6. h3 e5 7. Nde2 h5 8. Bg5 Be6 9. g3 Nbd7 10. a4 Be7 11. Bg2 Rc8 12. O-O Qc7 13. b3 O-O 14.
Be3 Qc6 15. f4 Nc5 16. f5 Bd7 17. Bg5 b5 18. axb5 axb5 19. Nd5 Bd8 20. Bxf6 Bxf6 21.
Nxf6+ gxf6 22. Nc3 Kg7 23. Qxh5 Rh8 24. Qg4+ Kf8 25. Nd5 Rh6 26. Qe2 Nb7 27. Kh2 Qxc2 28. Qe3 Kg7 29. Rac1 Qb2 30. Rxc8 Bxc8 31. Rc1 Bd7 32. Rc7 Nc5 33. b4 Bxf5 34. exf5 Nb3 35. Rxf7+ Kxf7 36. Qxh6 1-0

[Event "Early-Titled-Tuesday-Blitz-June-18-2024"]
[Site "Chess.com"]
[Date "2024.06.18"]
[Round "5"]
[White "UnTucopalaTimba"]
[Black "PapaieDudu"]
[Result "0-1"]
[WhiteElo "2083"]
[BlackElo "2337"]
[TimeControl "180+1"]
[EndTime "8:54:26 PDT"]
[Termination "PapaieDudu won by resignation"]

1. e4 c5 2. Nf3 d6 3. Bb5+ Nd7 4.
d4 cxd4 5. Qxd4 Nf6 6. Bg5 h6 7. Bh4 g5 8. Bg3 Bg7 9. c3 O-O 10. Bxd7 Nxd7 11. Qd2 Nc5 12. Qe2 f5 13. exf5 Bxf5 14.
Nd4 Nd3+ 15. Kd1 Bxd4 16. cxd4 Rc8 17. Nc3 Qb6 0-1

[Event "Early-Titled-Tuesday-Blitz-June-18-2024"]
[Site "Chess.com"]
[Date "2024.06.18"]
[Round "5"]
[White "SHIVACalypso"]
[Black "RandomNoob04"]
[Result "0-1"]
[WhiteElo "2528"]
[BlackElo "2814"]
[TimeControl "180+1"]
[EndTime "8:54:32 PDT"]
[Termination "RandomNoob04 won by resignation"]

1. Nf3 d5 2. c4 dxc4 3. e3 Be6 4. Ng5 Bd5 5. e4 Bc6 6. Bxc4 e6 7. d4 h6 8. Nxe6 fxe6 9. Qh5+ Ke7 10. Bg5+ hxg5 11.
Qxh8 Qxd4 12. Nd2 Nf6 13. O-O-O Nbd7 14. h4 g4 15. h5 Ne5 16. Be2 Nf7 17. Nb3 Qxf2 0-1

[Event "Early-Titled-Tuesday-Blitz-June-18-2024"]
[Site "Chess.com"]
[Date "2024.06.18"]
[Round "5"]
[White "Nicolik"]
[Black "JunjiCol"]
[Result "1-0"]
[WhiteElo "2632"]
[BlackElo "2346"]
[TimeControl "180+1"]
[EndTime "8:54:34 PDT"]
[Termination "Nicolik won by resignation"]

1. d4 d5 2. Nc3 Nf6 3. Bf4 c5 4.
e3 cxd4 5. exd4 a6 6. Nf3 Nc6 7. Ne5 Bf5 8. g4 Bg6 9. h4 h5 10. Nxg6 fxg6 11. g5 Ne4 12. Nxe4 dxe4 13. c3 e6 14. Qc2 Qd5 15. Bg2 Qf5 16. Be3 Kf7 17. Bxe4 Qg4 18. Bxg6+ Kg8 19. Bd3 Bd6 20. Be2 Qg2 21.
O-O-O Rc8 22. Kb1 Kf7 23. Rhg1 Qd5 24. Qb3 Qe4+ 25. Bd3 Qxh4 26. g6+ Kf8 27. Qxe6 1-0

[Event "Early-Titled-Tuesday-Blitz-June-18-2024"]
[Site "Chess.com"]
[Date "2024.06.18"]
[Round "5"]
[White "JiaHaoxiang"]
[Black "rookpower2004"]
[Result "1-0"]
[WhiteElo "2644"]
[BlackElo "2467"]
[TimeControl "180+1"]
[EndTime "8:54:36 PDT"]
[Termination "JiaHaoxiang won by resignation"]

1. e4 e5 2. Nf3 Nc6 3. Bb5 a6 4. Ba4 Nf6 5. d3 b5 6. Bb3 d6 7. c3 Be7 8. Nbd2 O-O 9. Nf1 d5 10. exd5 Nxd5 11. Ng3 Nf4 12. Bxf4 exf4 13. Ne4 Kh8 14. O-O f5 15. Ned2 Qxd3 16. Re1 Qd6 17. a4 Bd7 18. axb5 axb5 19. Rxa8 Rb8 20. Rxb8+ Nxb8 21. Nf1 Qxd1 22. Bxd1 Bf6 23. Ne5 Kg8 24. Nxd7 Nxd7 25.
Bb3+ Kf8 26. Be6 1-0

[Event "Early-Titled-Tuesday-Blitz-June-18-2024"]
[Site "Chess.com"]
[Date "2024.06.18"]
[Round "5"]
[White "H3nriqueTV"]
[Black "Muracle"]
[Result "0-1"]
[WhiteElo "2375"]
[BlackElo "2582"]
[TimeControl "180+1"]
[EndTime "8:54:36 PDT"]
[Termination "Muracle won by checkmate"]

1. e4 c6 2. d4 d5 3. Nc3 dxe4 4. Nxe4 Nf6 5. Ng3 h5 6. h4 g6 7. c3 Bg7 8. Bc4 c5 9. N1e2 cxd4 10. Nxd4 Qc7 11.
Bb3 Nbd7 12. Qe2 Nc5 13. Bc2 O-O 14. Bg5 Bg4 15. Nf3 Ne6 16. O-O Bxf3 17. Qxf3 Ng4 18. Bf4 Qxf4 19. Qxf4 Nxf4 20. Be4 Bf6 21. f3 Bxh4 22.
Nh1 Ne2# 0-1

[Event "Early-Titled-Tuesday-Blitz-June-18-2024"]
[Site "Chess.com"]
[Date "2024.06.18"]
[Round "5"]
[White "Artyom_ChessMate"]
[Black "unbreakablepawn35"]
[Result "1-0"]
[WhiteElo "2551"]
[BlackElo "2391"]
[TimeControl "180+1"]
[EndTime "8:54:48 PDT"]
[Termination "Artyom_ChessMate won by resignation"]

1. e4 d5 2. exd5 Qxd5 3. Nf3 Nf6 4. Be2 Nc6 5. d4 e6 6. c4 Qa5+ 7. Nc3 Bb4 8. Bd2 Qf5 9. O-O O-O 10. a3 Bxc3 11. Bxc3 Rd8 12. Bd3 Qh5 13. Qc2 b6 14.
d5 exd5 15. Bxf6 gxf6 16. cxd5 Ne5 17. Nxe5 Qxe5 18. Rae1 Qd6 19. Re3 Bb7 20. Rg3+ Kf8 21. Qc1 Qxd5 22. Qh6+ Ke7 23. Re1+ Kd7 24. Qh3+ Kd6 25.
Be4 Qd2 26. Rd3+ 1-0

[Event "Early-Titled-Tuesday-Blitz-June-18-2024"]
[Site "Chess.com"]
[Date "2024.06.18"]
[Round "5"]
[White "Matalon"]
[Black "Mikayel99"]
[Result "0-1"]
[WhiteElo "2445"]
[BlackElo "2623"]
[TimeControl "180+1"]
[EndTime "8:55:09 PDT"]
[Termination "Mikayel99 won by resignation"]

1. e4 d5 2. exd5 Nf6 3. c4 c6 4.
d4 cxd5 5. Nc3 g6 6. cxd5 Bg7 7.
Bb5+ Bd7 8. Bc4 O-O 9. Nf3 Na6 10.
O-O Rc8 11. Bb3 Nc7 12. Re1 b5 13. a3 a5 14. Bg5 b4 15. axb4 axb4 16. Na4 Bxa4 17.
Rxa4 Ncxd5 18. Qd2 Re8 19. h3 Qb6 20. Ne5 e6 21.
Rea1 Ne4 22. Qc1 Rxc1+ 0-1

[Event "Early-Titled-Tuesday-Blitz-June-18-2024"]
[Site "Chess.com"]
[Date "2024.06.18"]
[Round "5"]
[White "Manukyan_Artak"]
[Black "cristiano78"]
[Result "1-0"]
[WhiteElo "2491"]
[BlackElo "2237"]
[TimeControl "180+1"]
[EndTime "8:55:11 PDT"]
[Termination "Manukyan_Artak won by checkmate"]

1. e4 c5 2. Nf3 d6 3. Bb5+ Bd7 4. Bxd7+ Qxd7 5. c4 Nc6 6. Nc3 g6 7. d4 cxd4 8. Nxd4 Bg7 9. Be3 Nf6 10. f3 O-O 11.
O-O Rfc8 12. b3 b6 13. Rc1 Ne8 14. Nxc6 Rxc6 15. Bd4 Rac8 16. a4 Nc7 17. Bxg7 Kxg7 18. Qd4+ e5 19. Qd2 Ne6 20. Nd5 Nd4 21. Rc3 Qe6 22.
Rd3 f5 23. Rxd4 exd4 24. Qxd4+ Kf7 25. exf5 Qxf5 26. Re1 Re8 27. Rxe8 Kxe8 28. Qg7 Rc5 29. Qe7# 1-0

[Event "Early-Titled-Tuesday-Blitz-June-18-2024"]
[Site "Chess.com"]
[Date "2024.06.18"]
[Round "5"]
[White "GambitGiesbergen"]
[Black "averageFM"]
[Result "0-1"]
[WhiteElo "2374"]
[BlackElo "2579"]
[TimeControl "180+1"]
[EndTime "8:55:33 PDT"]
[Termination "averageFM won on time"]

1. e4 e5 2. Nf3 Nc6 3. d4 exd4 4.
Bc4 Nf6 5. O-O Nxe4 6. Re1 d5 7. Bxd5 Qxd5 8. Nc3 Qh5 9. Nxe4 Be6 10. Neg5 O-O-O 11. Nxe6 fxe6 12. Rxe6 Bd6 13. Bd2 Rde8 14. Qe2 Bxh2+ 15. Kf1 Be5 16. Rxe8+ Rxe8 17. Ng1 Qg6 0-1